[Event "Early-Titled-Tuesday-Blitz-February-27-2024"]
[Site "Chess.com"]
[Date "2024.02.27"]
[Round "10"]
[White "Adar_07"]
[Black "SaiAgni_98"]
[Result "1-0"]
[WhiteElo "2774"]
[BlackElo "2557"]
[TimeControl "180+1"]
[EndTime "9:55:17 PST"]
[Termination "Adar_07 won on time"]

1. d4 d6 2. e4 Nf6 3. Nc3 Nbd7 4. Bg5 e5 5. dxe5 dxe5 6. Bc4 c6 7. Nf3 Qb6 8. Bb3 Be7 9. Nh4 Nc5 10. O-O Nxb3 11. axb3 h6 12. Be3 Qc7 13. Nf5 Bxf5 14. exf5 O-O 15.
Qf3 Rfd8 16. Rfd1 a5 17. g4 Bb4 18. Ne4 Nxe4 19. Qxe4 f6 20. c3 Bf8 21. h4 b5 22.
Kg2 Rd7 23. Rxd7 Qxd7 24. g5 Qd5 25. f3 Qxb3 26. Kg3 Qd5 27. Qg4 hxg5 28. hxg5 fxg5 29.
Rh1 e4 30. fxe4 Bd6+ 31. Kf3 Qb3 32. Bd4 Re8 33. Qxg5 Qf7 34. Qh4 Kf8 35. f6 gxf6 36. Bxf6 Re6 37. e5 Bxe5 38. Qh8+ Qg8 39. Bxe5 1-0

[Event "Early-Titled-Tuesday-Blitz-February-27-2024"]
[Site "Chess.com"]
[Date "2024.02.27"]
[Round "10"]
[White "Abund"]
[Black "betta2004"]
[Result "1-0"]
[WhiteElo "2763"]
[BlackElo "2589"]
[TimeControl "180+1"]
[EndTime "9:55:20 PST"]
[Termination "Abund won on time"]

1. e4 e5 2. Bc4 Nf6 3. d3 c6 4.
Nc3 Bc5 5. Nf3 Qe7 6. O-O O-O 7. a4 d6 8. h3 Nbd7 9. Re1 Re8 10. d4 Bb6 11. Bg5 h6 12. Bh4 Nf8 13. a5 Bc7 14. Qb1 Ng6 15. Bg3 Nh5 16. Bh2 exd4 17. Nxd4 Qf6 18.
Qd1 Nhf4 19. Bf1 Bd7 20. Nde2 Qg5 21. Nxf4 Nxf4 22. Bg3 Rad8 23. Qf3 Ng6 24. b4 Ne5 25. Qe3 Qxe3 26. Rxe3 Ng6 27. Rd1 Be6 28.
Red3 Ne5 29. R3d2 a6 30. f4 Nc4 31. Bxc4 Bxc4 32. f5 Rd7 33. Bxd6 Red8 34. e5 Bxd6 35. exd6 f6 36. Ne4 Bd5 37. Nc5 Rf7 38. Rd4 Rb8 39. c4 Kf8 40. cxd5 1-0

[Event "Early-Titled-Tuesday-Blitz-February-27-2024"]
[Site "Chess.com"]
[Date "2024.02.27"]
[Round "10"]
[White "chucksterf10"]
[Black "Fandorine"]
[Result "0-1"]
[WhiteElo "2568"]
[BlackElo "2877"]
[TimeControl "180+1"]
[EndTime "9:55:21 PST"]
[Termination "Fandorine won by resignation"]

1. d4 d5 2. c4 e5 3. dxe5 Ne7 4. cxd5 Qxd5 5. Qxd5 Nxd5 6. a3 Nc6 7. Nf3 Bg4 8.
e4 Nb6 9. Bb5 O-O-O 10. Bg5 Be7 11. Bxc6 Bxg5 12. Bb5 Bxf3 13. gxf3 Bf4 14. Nc3 Bxe5 15.
Ke2 c6 16. Bd3 Bxc3 17. bxc3 Na4 18. Rhc1 Kc7 19. Rab1 Nc5 20. Bc2 Rd6 21. Rb4 Rhd8 22. Rd1 Rxd1 23. Bxd1 Ne6 24. Bc2 a5 25. Rb1 Nf4+ 26.
Ke3 g5 27. Rg1 h6 28. h4 f6 29. Rg4 Ng6 30. hxg5 hxg5 31. Rg1 Rh8 32. Bb3 Kd6 33. Rd1+ Ke7 34. Bc4 Ne5 35. Be2 b5 36. a4 b4 37.
cxb4 axb4 38. a5 Ra8 39. a6 c5 40. Bb5 Rb8 41. a7 Ra8 42. Ra1 b3 43. f4 gxf4+ 44.
Kxf4 c4 45. Ke3 c3 46. f4 b2 47. Rb1 c2 48. Bd3 Nxd3 0-1

[Event "Early-Titled-Tuesday-Blitz-February-27-2024"]
[Site "Chess.com"]
[Date "2024.02.27"]
[Round "10"]
[White "tylityli"]
[Black "Aisen1011"]
[Result "0-1"]
[WhiteElo "2295"]
[BlackElo "2475"]
[TimeControl "180+1"]
[EndTime "9:55:22 PST"]
[Termination "Aisen1011 won on time"]

1. d4 d5 2. c4 c6 3. cxd5 cxd5 4.
Bf4 Nf6 5. Nc3 Nc6 6. e3 a6 7.
Bd3 e6 8. Rc1 Bd6 9. Bxd6 Qxd6 10. f4 b5 11. Nf3 Bb7 12. O-O Rc8 13. Ne5 O-O 14. Rf3 b4 15. Na4 Ne4 16. Nc5 Nxc5 17.
Rxc5 Nxe5 18. fxe5 Qe7 19. Rxc8 Rxc8 20. Rf2 g6 21. Rc2 Kg7 22. Rxc8 Bxc8 23. Qc2 Bb7 24. g3 Qg5 25. Qf2 h5 26. Qf4 Qd8 27. h4 Qa5 28. Qf6+ Kg8 29. Bxg6 fxg6 30. Qxg6+ Kf8 31. Qf6+ Ke8 32.
Qxe6+ Kd8 33. Qd6+ Kc8 34. Qf8+ Kc7 35. Qd6+ Kc8 36.
Qf8+ Qd8 37. Qxb4 Qg8 38. Kg2 Qg4 39. Qf8+ Kc7 40. Qd6+ Kc8 41. Qf8+ Kd7 42. Qd6+ Ke8 43. Qb8+ Bc8 0-1

[Event "Early-Titled-Tuesday-Blitz-February-27-2024"]
[Site "Chess.com"]
[Date "2024.02.27"]
[Round "10"]
[White "GilbertoHernandezAmura"]
[Black "Bastiandash"]
[Result "0-1"]
[WhiteElo "2428"]
[BlackElo "2590"]
[TimeControl "180+1"]
[EndTime "9:55:23 PST"]
[Termination "Bastiandash won by checkmate"]

1. e4 c5 2. Nc3 e6 3. g3 a6 4. Bg2 b5 5. d3 Bb7 6. Nf3 d5 7. O-O b4 8. exd5 bxc3 9. dxe6 fxe6 10. bxc3 Nf6 11. Re1 Be7 12. Rb1 Ra7 13. Bf4 O-O 14. Ng5 Bxg2 15. Rxb8 Qd5 16. c4 Qc6 17. Rxf8+ Bxf8 18. Rxe6 Qa8 19. Qe1 h6 20. Ne4 Nxe4 21. dxe4 Bh3 22.
Rb6 Qe8 23. Rb8 Qh5 24. Rb3 Rf7 25. f3 g5 26. g4 Qg6 27. Bg3 h5 28. gxh5 Qxh5 29.
Qe3 g4 30. f4 Bg7 31. e5 Qf5 32. e6 Re7 33. Rb6 Qxc2 34. Rb8+ Kh7 35. Qf2 Bd4 36.
Qxd4 cxd4 37. f5 Qg2# 0-1

[Event "Early-Titled-Tuesday-Blitz-February-27-2024"]
[Site "Chess.com"]
[Date "2024.02.27"]
[Round "10"]
[White "lluiss"]
[Black "Kostukov_Alex"]
[Result "1-0"]
[WhiteElo "2174"]
[BlackElo "2347"]
[TimeControl "180+1"]
[EndTime "9:55:24 PST"]
[Termination "lluiss won on time"]

1. e4 c5 2. Nf3 g6 3. d4 cxd4 4. Nxd4 Bg7 5. c4 Nc6 6. Be3 Nf6 7. Nc3 Nxd4 8. Bxd4 Qa5 9. f3 O-O 10. Be2 d6 11.
O-O Be6 12. a3 Rfc8 13. b4 Qd8 14. Nd5 Bxd5 15. exd5 Nd7 16. Bxg7 Kxg7 17. Qd4+ Kg8 18. Kf2 Qb6 19. Ke3 Qc7 20. Rfc1 b5 21. cxb5 Qxc1+ 22. Rxc1 Rxc1 23. a4 Rc2 24. a5 Rac8 25. Qxa7 R8c3+ 26. Kf4 Nf6 27. b6 Nxd5+ 28. Kg3 Nxb4 29. Qxe7 Nc6 30. Qe8+ Kg7 31. b7 Rb2 32. a6 Rcc2 33. Bf1 Rb6 34. Qxc6 Rcxc6 35. a7 Rxb7 36. a8=Q Rbc7 37. Qa1+ Kg8 38.
Qf6 d5 39. Qe5 Rc1 40. Bd3 R7c5 41. Qe8+ Kg7 42. Qe5+ Kg8 43. h4 h5 44. Qd4 1-0

[Event "Early-Titled-Tuesday-Blitz-February-27-2024"]
[Site "Chess.com"]
[Date "2024.02.27"]
[Round "10"]
[White "FREDERICKtheMATE"]
[Black "RobertoJBM"]
[Result "1-0"]
[WhiteElo "2697"]
[BlackElo "2836"]
[TimeControl "180+1"]
[EndTime "9:55:25 PST"]
[Termination "FREDERICKtheMATE won on time"]

1. d4 d5 2. c4 c6 3. Nc3 dxc4 4. e4 b5 5. Nf3 a6 6. Be2 Nf6 7. a4 b4 8. e5 bxc3 9. exf6 cxb2 10. fxg7 bxa1=Q 11. gxh8=Q Qa5+ 12. Nd2 Be6 13. O-O Nd7 14. Nxc4 Q5xa4 15. Qxa4 Qxa4 16. Ne3 Nf6 17. d5 cxd5 18. Bb2 d4 19.
Bf3 Rc8 20. Ra1 Qb4 21. Bxd4 Qxd4 22. Rd1 Qh4 23. h3 Qh6 24. Bb7 Rd8 25. Bc6+ Bd7 26. Nf5 Qg6 27. Nd6+ exd6 28. Re1+ Ne4 29. Rxe4+ Qxe4 30.
Bxe4 Be6 31. Bc6+ Ke7 32. Qxh7 Rc8 33. Qe4 Bg7 34. g3 a5 35. h4 Be5 36. f4 f5 37. Qa4 Bc3 38. Qb5 Rc7 39. h5 d5 40.
Bxd5 Bd4+ 41. Kg2 Rc2+ 42. Kf1 Bd7 43. Qxa5 Bc5 44. Qe1+ Kd8 45. Qe5 Bb5+ 46. Ke1 1-0

[Event "Early-Titled-Tuesday-Blitz-February-27-2024"]
[Site "Chess.com"]
[Date "2024.02.27"]
[Round "10"]
[White "Russian_berezka"]
[Black "wild3000"]
[Result "1-0"]
[WhiteElo "2592"]
[BlackElo "2463"]
[TimeControl "180+1"]
[EndTime "9:55:25 PST"]
[Termination "Russian_berezka won on time"]

1. d4 Nf6 2. c4 e6 3. Nc3 d5 4.
Nf3 Be7 5. Bg5 O-O 6. e3 Nbd7 7. Qc2 c6 8. O-O-O dxc4 9. Bxc4 Nd5 10. h4 N7b6 11.
Be2 a5 12. Kb1 a4 13. a3 f6 14. Bd3 h6 15. Bh7+ Kh8 16. Bxh6 Nxc3+ 17. bxc3 f5 18. g4 Kxh7 19. Bg5 Nc4 20. Ka2 Qd5 21. Bxe7 Re8 22.
Ng5+ Kg8 23. Bb4 Nxe3+ 24. c4 Nxc4 25. Ka1 Bd7 26. Rhe1 b6 27. f4 Rad8 28. h5 c5 29.
dxc5 Qc6 30. Qxc4 b5 31. Qc3 fxg4 32. h6 e5 33. hxg7 Kxg7 34. fxe5 Be6 35. Nxe6+ Qxe6 36. Rd6 Rxd6 37. exd6+ 1-0

[Event "Early-Titled-Tuesday-Blitz-February-27-2024"]
[Site "Chess.com"]
[Date "2024.02.27"]
[Round "10"]
[White "NowInChess"]
[Black "Tugrik1969"]
[Result "0-1"]
[WhiteElo "2252"]
[BlackElo "2382"]
[TimeControl "180+1"]
[EndTime "9:55:25 PST"]
[Termination "Tugrik1969 won on time"]

1. e4 c5 2. d3 g6 3. g3 Bg7 4. Bg2 Nc6 5. f4 d6 6. Nf3 b5 7. a4 b4 8. O-O Rb8 9. Nbd2 Nf6 10.
Nc4 O-O 11. Nh4 d5 12. exd5 Nxd5 13. Qf3 e6 14. Kh1 Nd4 15. Qf2 Bb7 16. Ne5 Nb6 17.
Bxb7 Rxb7 18. a5 Nd7 19. a6 Rc7 20. Nc4 Qa8+ 21. Kg1 Nb6 22. Ne5 Rd8 23. Nhf3 Nxf3+ 24. Nxf3 c4 25. d4 Nd5 26. Bd2 Qc8 27. c3 b3 28.
Ne5 Rd6 29. Qe2 Rxa6 30. Rxa6 Qxa6 31. g4 f6 32. Nf3 Qd6 33. f5 exf5 34. gxf5 a5 35.
fxg6 hxg6 36. Re1 Qd7 37. Qe8+ Kh7 38. Qxd7 Rxd7 39. Ra1 Ra7 40. Kf2 a4 41. Be3 f5 42.
Nd2 a3 0-1

[Event "Early-Titled-Tuesday-Blitz-February-27-2024"]
[Site "Chess.com"]
[Date "2024.02.27"]
[Round "10"]
[White "BeardedNM"]
[Black "EvgenyBurmakin"]
[Result "0-1"]
[WhiteElo "2234"]
[BlackElo "2343"]
[TimeControl "180+1"]
[EndTime "9:55:25 PST"]
[Termination "EvgenyBurmakin won on time"]

1. e4 c5 2. Nf3 d6 3. d4 cxd4 4.
Nxd4 Nf6 5. Nc3 a6 6. Be3 e5 7.
Nb3 Be6 8. f3 Be7 9. Qd2 Nbd7 10. O-O-O O-O 11. g4 b5 12. Rg1 Nb6 13. Na5 b4 14.
Nc6 bxc3 15. Qxc3 Qc7 16. Nxe7+ Qxe7 17. Bxb6 Rfc8 18. Qa3 Ne8 19. Ba5 Qa7 20. Rg2 Rab8 21. Rgd2 h6 22. Bb4 Qb6 23. Bxd6 Rb7 24. Bxe5 f6 25.
Bd4 Qc7 26. Bxa6 Ra8 27. Qd3 Rbb8 28. b3 Rd8 29. Bc4 Bxc4 30. Qxc4+ Qxc4 31. bxc4 Rxa2 32. Bb6 Ra1+ 33. Kb2 Rxd1 34. Rxd8 Rxd8 35. Bxd8 Kf7 36. Kc3 Ke6 37. Ba5 Nd6 38. Bb4 Nf7 39. Kd4 Ne5 40. Bc3 Nxf3+ 41. Ke3 Nxh2 42. c5 Nxg4+ 43.
Kf4 h5 0-1

[Event "Early-Titled-Tuesday-Blitz-February-27-2024"]
[Site "Chess.com"]
[Date "2024.02.27"]
[Round "10"]
[White "Rodalquilar"]
[Black "averageFM"]
[Result "1-0"]
[WhiteElo "2795"]
[BlackElo "2643"]
[TimeControl "180+1"]
[EndTime "9:55:29 PST"]
[Termination "Rodalquilar won by resignation"]

1. d4 Nf6 2. Nf3 d5 3. Bf4 e6 4.
e3 Bd6 5. Nbd2 O-O 6. c3 c5 7. Bd3 Qc7 8. Bxd6 Qxd6 9. Ne5 Nc6 10. f4 Ne7 11. g4 cxd4 12. exd4 Nd7 13. Qf3 f6 14. Qh3 fxe5 15. fxe5 Qb6 16. Qxh7+ Kf7 17. O-O+ Ke8 18. Qxg7 Qxb2 19. Rxf8+ Nxf8 20. Rf1 Qxd2 21. Qxf8+ Kd7 22. Rf7 Qe3+ 23. Kg2 Qd2+ 24. Kg3 Qxd3+ 25.
Kh4 Kc6 26. Qxe7 Kb5 27. Qc5+ Ka6 28. Rc7 Bd7 29. Qa3+ Kb6 30. Qc5+ Ka6 31. Rxd7 Rh8+ 32. Kg5 Qe3+ 33. Kf6 Qh6+ 34. Ke7 Qg7+ 35. Kd6 Qf8+ 36.
Re7 Qd8+ 37. Kxe6 Rh6+ 38. Kf5 Qf8+ 39. Kg5 Rc6 40. Qa3+ Kb6 41. Rxb7+ 1-0

[Event "Early-Titled-Tuesday-Blitz-February-27-2024"]
[Site "Chess.com"]
[Date "2024.02.27"]
[Round "10"]
[White "ChessLover0108"]
[Black "stollenmonster"]
[Result "1-0"]
[WhiteElo "2972"]
[BlackElo "2882"]
[TimeControl "180+1"]
[EndTime "9:55:30 PST"]
[Termination "ChessLover0108 won by resignation"]

1. Nf3 Nf6 2. c4 e6 3. Nc3 d5 4. d4 Ne4 5. Qc2 f5 6. Bf4 c6 7. e3 Be7 8. g4 O-O 9. gxf5 exf5 10. Bd3 Qa5 11. O-O Be6 12. cxd5 cxd5 13. Qb3 Nd7 14.
Qxb7 Nxc3 15. bxc3 Qxc3 16. Bb5 Qc8 17. Bc6 Qxb7 18.
Bxb7 Rae8 19. a4 h6 20. Bc7 Rf7 21. a5 g5 22. Rac1 f4 23. exf4 gxf4 24. Kh1 Nf6 25. Rg1+ Rg7 26. Rxg7+ Kxg7 27. Ne5 Ba3 28. Rg1+ Kh7 29. f3 Bb2 30. Nc6 Bf5 31. Bxf4 Ng4 32. Rxg4 Bxg4 33. fxg4 Re4 34. Bb8 Re2 35. h3 Bc1 36. a6 h5 37. gxh5 Bg5 38. Bxa7 Bf4 39. Bb8 Bxb8 40. Nxb8 Ra2 41. Nc6 Kh6 42. a7 Kxh5 43.
a8=Q 1-0

[Event "Early-Titled-Tuesday-Blitz-February-27-2024"]
[Site "Chess.com"]
[Date "2024.02.27"]
[Round "10"]
[White "FoggyMorning"]
[Black "Sam_ChessMood"]
[Result "0-1"]
[WhiteElo "2677"]
[BlackElo "2949"]
[TimeControl "180+1"]
[EndTime "9:55:32 PST"]
[Termination "Sam_ChessMood won on time"]

1. e4 c5 2. Nf3 e6 3. d4 cxd4 4. Nxd4 Nf6 5. Nc3 Nc6 6. Ndb5 Bc5 7. Bf4 O-O 8. Bc7 Qe7 9. Bd6 Bxd6 10. Qxd6 Qd8 11. O-O-O a6 12. Nd4 Ne7 13. h4 b5 14.
f3 Bb7 15. h5 h6 16. Bd3 Rc8 17. Kb1 Re8 18. g4 Qc7 19. Qxc7 Rxc7 20. Rhg1 e5 21. Nb3 d5 22. g5 hxg5 23. Rxg5 dxe4 24. Nxe4 Nxe4 25.
fxe4 f6 26. Rg3 Kh7 27. Rdg1 Nc8 28. Nc5 Nd6 29. Nxb7 Rxb7 30. h6 g5 31. Rf3 Rf7 32. a4 Kxh6 33. axb5 axb5 34. Rd1 Kg7 35. Be2 Nxe4 36.
Bxb5 Rb8 37. Rb3 Nc5 38. Rb4 Rc7 39. Rd5 Ne6 40. c3 Nf4 41. Rd1 f5 42. Bd7 Rd8 43. Rg1 Rcxd7 44. Rxg5+ Kf6 45. Rg3 Rd1+ 46. Ka2 R1d3 47.
Rb6+ R8d6 48. Rxd3 Rxb6 49. Rd8 e4 50. b4 Ke5 51. Kb3 e3 52. c4 e2 0-1

[Event "Early-Titled-Tuesday-Blitz-February-27-2024"]
[Site "Chess.com"]
[Date "2024.02.27"]
[Round "10"]
[White "BogdanDeac"]
[Black "SARGISMV"]
[Result "1-0"]
[WhiteElo "2973"]
[BlackElo "2506"]
[TimeControl "180+1"]
[EndTime "9:55:32 PST"]
[Termination "BogdanDeac won on time"]

1. d4 Nf6 2. c4 c5 3. d5 e6 4.
Nc3 exd5 5. cxd5 Bd6 6. e4 O-O 7. Bd3 Bc7 8. Nge2 d6 9. O-O a6 10. a4 Nbd7 11. Ng3 Re8 12. f4 Rb8 13. Qf3 Ba5 14. h3 Qc7 15. Be3 c4 16. Bc2 b5 17.
axb5 axb5 18. Nf5 Bb6 19. Kh1 Bxe3 20. Qxe3 b4 21. Na4 Nb6 22. Nxg7 Kxg7 23. Rf3 b3 24. Qd4 Nd7 25. Bb1 Ra8 26. Ra3 Qa7 27. Qxc4 Ba6 28. Qb4 Qc7 29. Qe1 Bb5 30. Nc3 Rxa3 31. bxa3 Bc4 32.
Qh4 Qc5 33. Qg5+ Kf8 34. e5 dxe5 35. fxe5 Rxe5 36. Qh6+ Ke7 37. Qh4 Qd6 38. Ne4 Qb6 39. d6+ Kd8 40. Nxf6 Re1+ 41. Qxe1 Qg1+ 42. Qxg1 1-0

[Event "Early-Titled-Tuesday-Blitz-February-27-2024"]
[Site "Chess.com"]
[Date "2024.02.27"]
[Round "10"]
[White "Skatchkov_V"]
[Black "xamax2000"]
[Result "0-1"]
[WhiteElo "2664"]
[BlackElo "2836"]
[TimeControl "180+1"]
[EndTime "9:55:33 PST"]
[Termination "xamax2000 won by resignation"]

1. d4 d5 2. c4 e6 3. Nf3 Nf6 4. g3 Bb4+ 5. Bd2 Be7 6. Bg2 O-O 7. Qc2 Nbd7 8. h4 dxc4 9. Qxc4 a6 10. a4 b5 11. Qc2 Bb7 12. Bf4 c5 13. O-O Rc8 14. dxc5 Nxc5 15. axb5 axb5 16. Nc3 b4 17. Na4 Be4 18. Qd2 Nb3 19. Qxd8 Rfxd8 20. Rad1 Nd5 21. Bg5 f6 22. Be3 Bc2 23. Rde1 Nxe3 24. fxe3 Rd6 25. Kf2 Ra6 26. Nd4 Rxa4 27. Nxe6 Ra5 28. Nf4 Kf8 29. Bd5 Bd6 30. e4 Bxf4 31. gxf4 f5 32. h5 Bxe4 33.
Be6 Rc2 34. Bxb3 Rxb2 35. Bc4 b3 36. Ke3 Ra3 37. Rd1 Rc2 38. Rd7 Rxc4 39. Rfd1 b2+ 40.
Kf2 Rc8 0-1

[Event "Early-Titled-Tuesday-Blitz-February-27-2024"]
[Site "Chess.com"]
[Date "2024.02.27"]
[Round "10"]
[White "Mikhail_Golubev"]
[Black "sokidze"]
[Result "0-1"]
[WhiteElo "2632"]
[BlackElo "2777"]
[TimeControl "180+1"]
[EndTime "9:55:33 PST"]
[Termination "sokidze won on time"]

1. e4 c6 2. Nf3 d5 3. Nc3 dxe4 4. Nxe4 Nf6 5. Qe2 Na6 6. d4 Nxe4 7. Qxe4 Qd5 8. Qxd5 cxd5 9. Bb5+ Bd7 10. Bxa6 bxa6 11.
Ne5 Bf5 12. c3 f6 13. Nf3 e6 14. O-O Bd6 15. Re1 Kf7 16. b3 Rhc8 17. Bb2 a5 18.
Nd2 Rab8 19. g3 a4 20. Rac1 a5 21.
c4 axb3 22. axb3 a4 23. cxd5 a3 24. dxe6+ Bxe6 25. Bc3 Bd5 26. Re3 Bxb3 27. Ne4 Bf8 28. Nc5 Bxc5 29. dxc5 Rxc5 30. Rce1 Rb7 31. Ba1 Bd5 32.
Rxa3 h5 33. Rc3 Rcb5 34. Rce3 h4 35. Bc3 h3 36. R3e2 g5 37. Rd2 g4 38. Bd4 Bf3 39.
Be3 Rb1 40. Rd7+ Kg6 0-1

[Event "Early-Titled-Tuesday-Blitz-February-27-2024"]
[Site "Chess.com"]
[Date "2024.02.27"]
[Round "10"]
[White "jk13"]
[Black "ReadySkate"]
[Result "0-1"]
[WhiteElo "2688"]
[BlackElo "2564"]
[TimeControl "180+1"]
[EndTime "9:55:33 PST"]
[Termination "ReadySkate won on time"]

1. e4 c5 2. c3 d5 3. exd5 Qxd5 4. d4 Nc6 5. Nf3 Bf5 6. dxc5 Qxd1+ 7. Kxd1 O-O-O+ 8.
Ke1 Nf6 9. Be3 e6 10. Nbd2 Ng4 11. Nb3 Nxe3 12. fxe3 h6 13. Bb5 Be7 14. Bxc6 bxc6 15.
Ne5 Rd5 16. Nxc6 Bxc5 17. Nxc5 Rxc5 18. Ne7+ Kc7 19. Nxf5 exf5 20. Kf2 Rb8 21. Rab1 Rd5 22. Ke2 Re5 23. Rhf1 g6 24. b3 Rbe8 25. Rf3 f4 26.
Rbf1 f5 27. g3 fxe3 28. Rd1 Ra5 29. a4 Rb8 30. Rxe3 Rxb3 31. Re7+ Kc8 32. Re8+ Kc7 33. Re7+ Kc8 34. Rd4 Rxc3 35. Re6 g5 36. Rxh6 Re5+ 37. Kd2 Rc7 38. Rg6 g4 39. Rh6 Rec5 40. Ke3 Rc4 41.
Rxc4 Rxc4 42. a5 Re4+ 43. Kd3 Ra4 44. a6 Kc7 45. Rf6 Ra5 46. Ke3 Ra2 47. Kf4 Rxh2 48.
Kxf5 Rf2+ 49. Kg6 Rf3 50. Rf5 Kb6 51. Kg5 Rxg3 0-1

[Event "Early-Titled-Tuesday-Blitz-February-27-2024"]
[Site "Chess.com"]
[Date "2024.02.27"]
[Round "10"]
[White "C_K_G"]
[Black "Canal_Showdrez"]
[Result "1-0"]
[WhiteElo "2168"]
[BlackElo "1995"]
[TimeControl "180+1"]
[EndTime "9:55:33 PST"]
[Termination "C_K_G won by checkmate"]

1. e4 c5 2. Nf3 Nc6 3. d4 cxd4 4. Nxd4 Nf6 5. Nc3 e5 6. Ndb5 d6 7. Bg5 a6 8. Na3 b5 9. Nd5 Be7 10. Bxf6 Bxf6 11. c4 b4 12. Nc2 a5 13. Bd3 O-O 14. O-O Be6 15. Nce3 Nd4 16. Rc1 Bg5 17. c5 Rc8 18. cxd6 Rxc1 19. Qxc1 Bxd5 20. exd5 e4 21. Qc5 exd3 22. Qxd4 Qxd6 23. Qxd3 a4 24. Nf5 Qe5 25.
b3 Rd8 26. Rd1 axb3 27. axb3 Qc3 28. g3 g6 29. h4 Bf6 30. Ne3 h5 31. d6 g5 32. Nd5 Qe5 33. hxg5 Bxg5 34. f4 Bxf4 35. Nxf4 h4 36. Qd4 Qg5 37. Rd3 hxg3 38. Kg2 Ra8 39. Rxg3 Ra2+ 40. Kh3 Rd2 41. Qxd2 Qxg3+ 42. Kxg3 f6 43.
Qxb4 Kf7 44. Qe4 Kg7 45. Qg6+ Kf8 46. Qxf6+ Ke8 47. Qe7# 1-0

[Event "Early-Titled-Tuesday-Blitz-February-27-2024"]
[Site "Chess.com"]
[Date "2024.02.27"]
[Round "10"]
[White "Kristof_08"]
[Black "ImportedItalianMaple"]
[Result "1-0"]
[WhiteElo "2444"]
[BlackElo "2528"]
[TimeControl "180+1"]
[EndTime "9:55:36 PST"]
[Termination "Kristof_08 won by resignation"]

1. Nf3 Nf6 2. c4 c6 3. d4 d5 4.
g3 Bf5 5. Nc3 e6 6. Nh4 Bg4 7.
h3 Bh5 8. Qb3 Qb6 9. g4 Bg6 10.
Nxg6 hxg6 11. Bg2 Bd6 12. c5 Qxb3 13. axb3 Be7 14. b4 O-O 15. b5 Nbd7 16. Bf4 Rfc8 17. bxc6 Rxc6 18. b4 Rcc8 19. e4 dxe4 20. Nxe4 Nd5 21.
Bd6 Bf6 22. Nxf6+ N7xf6 23. O-O Ne8 24. Bg3 b6 25. Ra6 Nec7 26. Bxc7 Rxc7 27. cxb6 Rb7 28. Rfa1 Kf8 29. Rxa7 Rab8 30. Rxb7 Rxb7 31. Bxd5 exd5 32. Ra6 Ke7 33. b5 Kd7 34. Kg2 Kc8 35. Ra8+ Rb8 36.
Rxb8+ Kxb8 37. h4 Kb7 38. Kf3 Kxb6 39. Kf4 Kxb5 40. Ke5 Kc4 41. g5 f6+ 42. gxf6 gxf6+ 43. Kxf6 Kxd4 44. Kxg6 Ke4 45. h5 d4 46. h6 d3 47. h7 d2 48. h8=Q d1=Q 49. Qe8+ Kf3 50. Qf7+ Ke4 51. Qb7+ Kf4 52. Qf7+ Ke4 53. Qe6+ Kf3 54.
Qf5+ Ke2 55. Qg4+ 1-0

[Event "Early-Titled-Tuesday-Blitz-February-27-2024"]
[Site "Chess.com"]
[Date "2024.02.27"]
[Round "10"]
[White "ricaurtelopezj1955"]
[Black "UnTucopalaTimba"]
[Result "1-0"]
[WhiteElo "2169"]
[BlackElo "1986"]
[TimeControl "180+1"]
[EndTime "9:55:37 PST"]
[Termination "ricaurtelopezj1955 won on time"]

1. e4 c6 2. d4 d5 3. exd5 cxd5 4. c4 Nf6 5. Nc3 Nc6 6. Bg5 e6 7. Nf3 h6 8. Bh4 Bb4 9. Qb3 O-O 10. Bd3 dxc4 11.
Bxc4 Be7 12. Qd1 Qb6 13. O-O Qxb2 14. Nb5 Qb4 15. Qd3 Qa5 16. Rab1 a6 17. Nc3 b5 18. Bb3 Qc7 19. Bg3 Bd6 20. d5 Nb4 21. Qd4 Bxg3 22. Qxb4 Bd6 23. Qd4 exd5 24. Nxd5 Nxd5 25. Qxd5 Be6 26.
Qd3 Bxb3 27. axb3 Rad8 28. Qf5 Qb6 29. Rbc1 Bb4 30. Ne5 Rd5 31. Qe4 Qe6 32. f4 Bc5+ 33.
Kh1 Be7 34. Rc6 Rd6 35. Rfc1 Rxc6 36. Rxc6 Qxb3 37. h3 Bf6 38. Rxa6 Qd1+ 39. Kh2 Re8 40. Qf5 Bxe5 41. fxe5 1-0

[Event "Early-Titled-Tuesday-Blitz-February-27-2024"]
[Site "Chess.com"]
[Date "2024.02.27"]
[Round "10"]
[White "alexrustemov"]
[Black "vladgoncharov"]
[Result "0-1"]
[WhiteElo "2814"]
[BlackElo "2656"]
[TimeControl "180+1"]
[EndTime "9:55:39 PST"]
[Termination "vladgoncharov won by checkmate"]

1. d4 Nf6 2. c4 e6 3. Nf3 c5 4. d5 exd5 5. cxd5 d6 6. Nc3 g6 7.
h3 Bg7 8. e4 O-O 9. Bd3 b5 10.
Bxb5 Nxe4 11. Nxe4 Qa5+ 12. Nfd2 Qxb5 13. Nxd6 Qa6 14.
N2c4 Nd7 15. O-O Nb6 16. Nxb6 axb6 17. Qc2 Bd7 18. Rd1 Rfd8 19. Bg5 Ba4 20. b3 Rxd6 21.
bxa4 Bxa1 22. Rxa1 Qxa4 23. Qb2 Qd4 24. Qc1 Rxd5 25.
Bh6 f6 26. a3 g5 27. Rb1 Kf7 28. h4 Qxh4 29. Rxb6 Rad8 30. Rb7+ Kg8 31. Rb1 Qxh6 32. Qe1 Qg6 33. Qe6+ Qf7 34. Qe2 Kg7 35. g3 Re5 36. Qf3 Rde8 37. Kh2 R8e7 38. a4 Qd5 39. Qa3 Re2 40. Rf1 Ra7 41. a5 c4 42. a6 Re6 43.
Rb1 Rexa6 44. Qe3 Rf7 45. Rb8 Re6 46. Qa3 Qd4 47. Qa8 Qxf2+ 48. Kh3 Qf1+ 49. Kg4 h5+ 50. Kxh5 Qh3# 0-1

[Event "Early-Titled-Tuesday-Blitz-February-27-2024"]
[Site "Chess.com"]
[Date "2024.02.27"]
[Round "10"]
[White "SlavenPastar"]
[Black "vovachesss"]
[Result "1-0"]
[WhiteElo "2642"]
[BlackElo "2752"]
[TimeControl "180+1"]
[EndTime "9:55:39 PST"]
[Termination "SlavenPastar won by checkmate"]

1. b3 b6 2. e4 Bb7 3. Nc3 g6 4.
d4 Bg7 5. Nf3 Nf6 6. Bd3 c5 7.
Bb2 cxd4 8. Nxd4 O-O 9. O-O d5 10. e5 Ne4 11. f4 Nc5 12. Be2 Nc6 13. Ncb5 Nxd4 14. Nxd4 Rc8 15. Kh1 f6 16. Nf3 Ne4 17. c4 e6 18. exf6 Bxf6 19. Bxf6 Qxf6 20. Ne5 Qh4 21.
Qe1 Rxf4 22. Qxh4 Rxh4 23. Kg1 Nd6 24. Bf3 dxc4 25. Rad1 Ne4 26. Nxc4 Rc7 27. g3 Rh6 28. Bg4 g5 29. Ne5 Rf6 30. Bf3 Kg7 31. Ng4 Rf5 32. Ne3 Rfc5 33. Nc4 b5 34. Nd6 Bd5 35. Nxe4 Rc2 36. Nxg5 Bxf3 37. Rxf3 R7c6 38. Rdf1 Kg6 39. h4 Rxa2 40. g4 Rcc2 41. Rf6+ Kg7 42. Rf7+ Kg8 43. Rf8+ Kg7 44. R1f7+ Kg6 45. Rg8+ Kh6 46. Rf6# 1-0

[Event "Early-Titled-Tuesday-Blitz-February-27-2024"]
[Site "Chess.com"]
[Date "2024.02.27"]
[Round "10"]
[White "Yurovskykh_Oleksandr"]
[Black "jamengrand"]
[Result "1-0"]
[WhiteElo "2688"]
[BlackElo "2420"]
[TimeControl "180+1"]
[EndTime "9:55:39 PST"]
[Termination "Yurovskykh_Oleksandr won by resignation"]

1. d4 d5 2. Bf4 Nf6 3. e3 g6 4.
Nf3 Bg7 5. Be2 O-O 6. O-O c5 7. c3 Nc6 8. h3 Nd7 9. Qb3 c4 10. Qa3 Qa5 11. Qxa5 Nxa5 12. Nbd2 Nc6 13. e4 e6 14.
Rfe1 Nb6 15. Bc7 dxe4 16. Nxe4 Nd5 17. Bd6 Rd8 18. Ba3 b5 19. Bc5 Bf8 20. Bxf8 Kxf8 21. Nc5 Rb8 22. a3 Na5 23. Ne5 Rb6 24. Bf3 Ne7 25.
Rad1 Nb3 26. Nxb3 cxb3 27. Nd3 a5 28. Nc5 a4 29. Nd3 Bb7 30. Bxb7 Rxb7 31. Nb4 Rc7 32.
Re5 Nd5 33. Nxd5 Rxd5 34. Rde1 Rcd7 35. Kf1 Ke7 36. f4 Kd8 37. Ke2 Kc7 38. Kd3 Kc6 39.
g4 Rd8 40. h4 h6 41. R1e3 Kc7 42. Ke2 Kc6 43. Kf3 Rxe5 44. fxe5 Kd5 45. Ke2 g5 46.
h5 Rd7 47. Rf3 Kc4 48. Kd2 b4 49. axb4 a3 50. bxa3 b2 51. Kc2 b1=Q+ 52. Kxb1 Kb3 53. a4 Kxa4 54. Kc2 Kb5 55. Kb3 Ra7 56. Rf1 Kc6 57.
Kc4 Ra2 58. Rxf7 Re2 59. Rf6 Re4 60. Rxe6+ Kc7 61. Rxh6 Rxg4 62. Rg6 Rh4 63. Rxg5 1-0